AoeStats
← Kanyaga

African Clearing

505343285Analyzed
4v4 RM · 24d ago on Sep 9, 2026· 57m 15s· 8 players
Game mode
Random Map
Map size
Large (8 player)
Population
200
Speed
Normal
Resources
Standard
Victory
Conquest
Starting age
Dark Age
Ending age
Imperial Age
RankedLock teamsTeams togetherTeam positionsShared explorationLock speedFull tech treeHidden civsTurbo modeCheats
Victory
Defeat
🇹🇷 Khitans · Türkiye
1729
+9
🇹🇷 Tupi · Türkiye
1577
+14
🇹🇷 Koreans · Türkiye
1533
+16
🇹🇷 Wei · Türkiye
1500
+18
🇲🇽 Georgians · Mexico
1582
-16
🇧🇷 Vietnamese · Brazil
1553
-15
🇦🇷 Malians · Argentina
1551
-14
🇵🇪 Slavs · Peru
1487
-12
HK | El Chairo
9:12 Loom
12:19 Feudal Age
12:54 Double-Bit Axe
13:15 Horse Collar
19:05 Wheelbarrow
23:16 Castle Age
22:05 Bloodlines
22:32 Scale Barding Armor
23:28 Forging
23:28 Light Cavalry
25:14 Chain Barding Armor
31:06 Hand Cart
32:50 Hand Cart
35:53 Imperial Age
35:26 Iron Casting
36:08 Husbandry
37:47 Blast Furnace
37:22 Plate Barding Armor
38:54 Blast Furnace
38:30 Plate Barding Armor
38:58 Blast Furnace
38:06 Hussar
43:36 Conscription
43:24 Svan Towers
43:24 Fletching
43:35 Padded Archer Armor
43:08 Pikeman
43:49 Squires
43:34 Arson
43:35 Gambesons
43:51 Scale Mail Armor
44:42 Bodkin Arrow
45:02 Leather Archer Armor
45:03 Halberdier
45:58 Chain Mail Armor
45:47 Guard Tower
46:17 Ballistics
47:14 Bracer
47:01 Arrowslits
46:57 Treadmill Crane
50:32 Murder Holes
51:13 Keep
Tylenol
12:30 Feudal Age
13:05 Double-Bit Axe
14:03 Wheelbarrow
15:25 Fletching
20:01 Loom
24:22 Castle Age
23:31 Gold Mining
23:46 Horse Collar
24:24 Elite Skirmisher
25:01 Bodkin Arrow
28:42 Bow Saw
30:17 Bow Saw
30:33 Heavy Plow
34:57 Stone Mining
35:38 Sanctity
37:20 Stone Shaft Mining
37:31 Ballistics
38:14 Padded Archer Armor
40:20 Hand Cart
40:34 Leather Archer Armor
45:06 Imperial Age
43:29 Husbandry
44:53 Treadmill Crane
45:36 Scale Barding Armor
46:01 Bracer
47:16 Two-Man Saw
46:47 Crop Rotation
48:52 Chemistry
Yisaac
11:17 Feudal Age
11:30 Loom
14:56 Forging
19:06 Double-Bit Axe
21:46 Castle Age
20:20 Scale Barding Armor
20:08 Horse Collar
23:37 Chain Barding Armor
26:37 Town Watch
29:52 Wheelbarrow
35:51 Padded Archer Armor
39:09 Imperial Age
37:52 Bloodlines
37:42 Husbandry
39:21 Iron Casting
40:07 Detinets
41:40 Plate Barding Armor
41:37 Conscription
41:55 Gold Mining
41:55 Stone Mining
44:05 Blast Furnace
44:17 Light Cavalry
45:33 Elite Boyar
EXILE | Obi
11:52 Loom
14:43 Feudal Age
18:46 Castle Age
31:32 Town Watch
35:00 Wheelbarrow
39:57 Double-Bit Axe
40:50 Horse Collar
45:33 Imperial Age
44:16 Heavy Plow
47:11 Farimba
47:32 Conscription
48:02 Bloodlines
47:52 Husbandry
48:19 Scale Barding Armor
47:47 Cavalier
49:26 Chain Barding Armor
49:17 Forging
50:49 Plate Barding Armor
51:39 Iron Casting
51:39 Hand Cart
54:06 Light Cavalry
55:09 Heavy Camel Rider
55:47 Gold Mining
56:26 Fletching
57:12 Bodkin Arrow
Kanyaga
10:38 Loom
12:43 Feudal Age
16:25 Castle Age
14:14 Double-Bit Axe
15:11 Horse Collar
15:50 Gold Mining
15:55 Stone Mining
16:28 Gold Mining
17:32 Wheelbarrow
17:30 Bow Saw
18:35 Heavy Plow
20:13 Gold Shaft Mining
20:17 Stone Shaft Mining
19:31 Loom
24:02 Fletching
29:34 Bodkin Arrow
29:40 Padded Archer Armor
30:53 Town Watch
35:26 Imperial Age
33:37 Leather Archer Armor
33:53 Hand Cart
34:58 Gold Shaft Mining
35:28 Treadmill Crane
36:42 Parthian Tactics
36:19 Bracer
36:50 Ring Archer Armor
36:52 Conscription
36:38 Tuntian
37:09 Thumb Ring
37:43 Scale Barding Armor
38:31 Ming Guang Armor
38:18 Forging
42:21 Chemistry
42:55 Ballistics
44:08 Masonry
44:31 Coinage
44:26 Elite Tiger Cavalry
46:06 Bloodlines
45:56 Husbandry
45:32 Heavy Hei Guang Cavalry
51:22 Fortified Wall
51:07 Murder Holes
51:15 Town Patrol
52:23 Crop Rotation
heybrowazzup
11:44 Loom
14:05 Feudal Age
26:59 Castle Age
26:01 Fletching
27:01 Double-Bit Axe
27:45 Horse Collar
28:11 Bodkin Arrow
31:51 Ballistics
44:31 Wheelbarrow
44:43 Stone Mining
45:04 Bow Saw
45:10 Heavy Plow
54:32 Imperial Age
52:39 Town Watch
53:13 Gold Mining
53:34 Town Patrol
55:18 Hand Cart
54:43 Elite Blackwood Archer
55:44 Conscription
56:25 Chemistry
56:37 Curare
55:56 Elite Blackwood Archer
Göktürk
9:58 Loom
13:13 Feudal Age
15:47 Double-Bit Axe
18:22 Castle Age
20:54 Bow Saw
24:13 Fletching
37:05 Bodkin Arrow
39:58 Ballistics
42:42 Scale Mail Armor
43:14 Squires
43:00 Gambesons
44:28 Chain Mail Armor
44:23 Forging
45:01 Wheelbarrow
44:49 Gold Mining
50:41 Iron Casting
56:07 Imperial Age
53:53 Hand Cart
56:03 Arson
57:28 Plate Mail Armor
57:23 Conscription
56:31 Elite Fire Lancer
Jrfear
8:58 Loom
11:38 Feudal Age
12:30 Double-Bit Axe
15:04 Forging
18:11 Scale Barding Armor
24:03 Castle Age
22:45 Domestication
24:26 Gold Mining
25:14 Chain Barding Armor
33:23 Wheelbarrow
32:33 Town Watch
34:36 Bow Saw
35:19 Husbandry
35:38 Pastoralism
36:25 Hand Cart
36:09 Stone Mining
42:21 Imperial Age
40:11 Scale Mail Armor
40:46 Iron Casting
40:55 Squires
40:40 Gambesons
40:40 Arson
41:13 Chain Mail Armor
42:29 Elite Fire Lancer
44:14 Plate Mail Armor
44:07 Capped Ram
45:34 Conscription
45:25 Lamellar Armor
48:12 Fletching
48:43 Ballistics
49:11 Bodkin Arrow
51:22 Plate Barding Armor
50:54 Ordo Cavalry
50:11 Elite Steppe Lancer
52:13 Two-Man Saw
51:43 Transhumance
52:37 Bracer
52:34 Murder Holes
52:31 Heavy Camel Rider
52:54 Siege Ram
53:44 Siege Engineers
53:50 Masonry
53:47 Padded Archer Armor
55:45 Chemistry
54:26 Treadmill Crane
55:03 Leather Archer Armor
56:07 Atonement
56:29 Sanctity
56:21 Fervor
56:39 Illumination
56:16 Devotion
56:54 Theocracy
Connection lost

Rejoining the realm…

Still unreachable

The connection could not be restored.

Session expired

The server has moved on; the page needs a fresh start.